 Dungeon Crawl Stone Soup version 0.31-a0-590-g8a5a4361df (webtiles) character file.

Game seed: 12060590186285129812

2391 cforsyth the Charlatan (level 9, -2/61 HPs)
             Began as a Gnoll Artificer on Aug 19, 2023.
             Was a Follower of Hepliaklqana.
             Slain by a water moccasin (5 damage)
             ... on level 7 of the Dungeon.
             The game lasted 00:08:53 (8185 turns).

cforsyth the Charlatan (Gnoll Artificer)            Turns: 8185, Time: 00:08:54

Health: -2/61      AC:  3    Str: 12    XL:     9   Next: 46%
Magic:  15/15      EV: 14    Int: 14    God:    Hepliaklqana [*.....]
Gold:   300        SH:  0    Dex: 17    Spells: 16/16 levels left

rFire   . . .        p - +9 whip of Quick Death {freeze, rPois rN+ Will- Dex+4}
rCold   . . .        (no shield)
rNeg    + . .        b - +0 leather armour
rPois   +            (no helmet)
rElec   .            (no cloak)
rCorr   .            (no gloves)
SInv    .            (no boots)
Will    .....        (no amulet)
Stlth   +++          (no ring)
HPRegen 0.30/turn    (no ring)
MPRegen 0.14/turn

%: no passive effects
@: lethally poisoned (-2 -> -9), hasted, very quick
A: reduced essence, fangs 1, strong nose, distributed training
a: Renounce Religion, Recall Ancestor, Ancestor Identity


You were on level 7 of the Dungeon.
You worshipped Hepliaklqana.
Hepliaklqana was aware of your devotion.
You visited 2 branches of the dungeon, and saw 8 of its levels.

You collected 300 gold pieces.

Inventory:

Hand Weapons
 a - a +0 club
 p - the +9 whip of Quick Death (weapon) {freeze, rPois rN+ Will- Dex+4}
   (You found it on level 4 of the Dungeon)

   Dex+4:     It affects your dexterity (+4).
   rPois:     It protects you from poison rN+: It protects you from negative
   energy.
   Will-:     It decreases your willpower.
Missiles
 y - 2 throwing nets
Armour
 b - a +0 leather armour (worn)
Jewellery
 s - an amulet of reflection
 w - a ring of ice
Wands
 c - a wand of flame (24) (quivered)
 d - a wand of charming (10)
 e - a wand of iceblast (1)
 F - a wand of mindburst (26)
Scrolls
 g - a scroll of enchant weapon {unknown}
 i - a scroll of noise {unknown}
 l - 2 scrolls of identify
 m - a scroll of immolation {unknown}
 o - 2 scrolls of poison {unknown}
 q - a scroll of teleportation {unknown}
 r - a scroll of torment {unknown}
 t - a scroll of enchant armour {unknown}
 u - 3 scrolls of fear {unknown}
 x - 2 scrolls of blinking
 D - a scroll of silence {unknown}
 E - a scroll of fog {unknown}
Potions
 f - a potion of brilliance {unknown}
 h - 4 potions of haste
 j - a potion of invisibility {unknown}
 k - a potion of heal wounds {unknown}
 n - 2 potions of magic {unknown}
 v - a potion of mutation {unknown}
 z - 2 potions of lignification {unknown}
 A - a potion of curing {unknown}
 B - a potion of might {unknown}
 C - a potion of attraction {unknown}


   Skills:
 + Level 5.1 Fighting
 + Level 4.3 Short Blades
 + Level 4.3 Long Blades
 + Level 4.3 Axes
 + Level 4.3 Maces & Flails
 + Level 4.3 Polearms
 + Level 4.3 Staves
 + Level 4.3 Ranged Weapons
 + Level 4.3 Throwing
 + Level 6.4 Armour
 + Level 5.1 Dodging
 + Level 5.0 Stealth
 + Level 4.3 Shields
 + Level 4.3 Unarmed Combat
 + Level 4.3 Spellcasting
 + Level 3.6 Conjurations
 + Level 3.6 Hexes
 + Level 3.6 Summonings
 + Level 3.6 Necromancy
 + Level 3.6 Translocations
 + Level 3.6 Transmutations
 + Level 3.6 Fire Magic
 + Level 3.6 Ice Magic
 + Level 3.6 Air Magic
 + Level 3.6 Earth Magic
 + Level 3.6 Poison Magic
 + Level 4.8 Invocations
 + Level 7.9 Evocations
 + Level 3.6 Shapeshifting


You had 16 spell levels left.
You didn't know any spells.
Your spell library contained the following spells:

 Spells                   Type           Power      Damage    Failure   Level
 Apportation              Tloc           26%        N/A       5%          1
 Necrotise                Necr           52%        1d6       5%          1
 Summon Small Mammal      Summ           52%        N/A       5%          1
 Sublimation of Blood     Necr           13%        N/A       8%          2
 Wereblood                Tmut           13%        N/A       8%          2
 Inner Flame              Hex/Fire       13%        N/A       16%         3
 Flame Wave               Conj/Fire      13%        2d6       45%         4
 Sticky Flame             Conj/Fire      13%        2d4       45%         4
 Summon Hydra             Summ           6%         N/A       100%        7


Dungeon Overview and Level Annotations

Branches:
Dungeon (7/15)             Temple (1/1) D:6

Altars:
Ashenzari
Cheibriados
Dithmenos
Elyvilon
Fedhas
Gozag
Hepliaklqana
Kikubaaqudgha
Makhleb
Nemelex Xobeh
Okawaru
Qazlal
Ru
Sif Muna
Trog
Uskayaw
Vehumet
Wu Jian
Xom
Yredelemnul
Zin
The Shining One

Annotations:
D:5 3 runed translucent doors, bahustanut's ghost, novice OgFi
D:6 1 runed translucent door, Crazy Yiuf


Innate Abilities, Weirdness & Mutations

Your life essence is reduced to manifest your ancestor. (-10% HP)
You have very sharp teeth.
Your uncanny sense of smell can sniff out nearby items.
Your experience applies equally to all skills.


Message History

The scorpion splashes around in the water.
The ufetubus closely misses you. The ufetubus barely misses you.
The water moccasin attacks as you move away!
The water moccasin bites you! The scorpion attacks as you move away!
The scorpion splashes around in the water.
The water moccasin barely misses you.
The bullfrog hits the plant.
The water moccasin barely misses you. The ufetubus closely misses you. x2
The jelly hits you but does no damage.
You completely miss the jelly. You bite the jelly.
The jelly is severely wounded.
The bullfrog hits the plant.
The plant begins to die.
The ufetubus closely misses you. The ufetubus hits you.
The water moccasin bites you.
* * * LOW HITPOINT WARNING * * *
The bullfrog hits the plant!
Something hits the plant.
The jelly misses you.
You whack the jelly! You freeze the jelly.
You kill the jelly!
A nearby plant withers and dies.
The ufetubus closely misses you. The ufetubus misses you.
The water moccasin bites you!
* * * LOW HITPOINT WARNING * * *
The bullfrog hits the plant!
The ufetubus closely misses you.
The ufetubus hits you but does no damage.
Something hits the plant.
The water moccasin bites you but does no damage.
As you read the scroll labelled CANGIN MASM, it crumbles to dust.
It is a scroll of identify.
x - 2 scrolls of blinking The ufetubus hits you.
* * * LOW HITPOINT WARNING * * *
The ufetubus closely misses you. The scorpion barely misses you.
The water moccasin bites you.
* * * LOW HITPOINT WARNING * * *
You are lethally poisoned!
The water moccasin poisons you!
It was a potion of haste.
You feel yourself speed up.
* * * LOW HITPOINT WARNING * * *
You feel very sick. The ufetubus closely misses you.
The ufetubus completely misses you. The water moccasin bites you.
You die...

#.#..P.~.♣.# ######
#..#~~~~.~.# #
#..~~.~~~P####..# #######
#..~~≈≈~~.......###.......
#.~.~≈~~.... ... .....###
#P~~≈≈~..# #.# #.##....
#..~~~~~♣# #.###.######
##~.~~{Ss# #.##...## #
#P~~~♣~P@#####.#.....####
##♣~~~F5###..............
#..P.P......####.....####
##.......#### ##...## #
######### ##.## #.#
#.###### #....... ########


You could see a water moccasin, a bullfrog, a scorpion and an ufetubus.

Vanquished Creatures
  Grinder (D:3)
  2 wyverns (D:7)
  A steam dragon (D:6)
  A sky beast (D:6)
  An ogre (D:4)
  4 scorpions
  4 wights
  3 vampire bats (D:5)
  A gnoll bouda (D:5)
  3 hounds
  3 jellies
  Jessica (D:2)
  5 iguanas
  An orc wizard (D:5)
  Terence (D:3)
  3 adders
  14 gnolls
  A white imp (D:7)
  3 worms
  3 dart slugs
  9 orcs
  3 bats
  2 bat skeletons (D:5)
  4 bat zombies (D:5)
  8 endoplasms
  A giant cockroach (D:3)
  3 goblins
  3 hobgoblins
  16 jackals
  4 quokkas
  5 ball pythons
  3 frilled lizards
  3 kobolds
  7 rats
  A butterfly (D:6)
128 creatures vanquished.

Vanquished Creatures (collateral kills)
  A scorpion (D:7)
  4 wights (D:7)
  A sleepcap (D:7)
  A gnoll (D:6)
7 creatures vanquished.

Vanquished Creatures (others)
  A hornet (D:7)
  A wyvern (D:7)
  An ancestor (D:7)
3 creatures vanquished.

Grand Total: 138 creatures vanquished

Notes
Turn   | Place    | Note
-------+----------+-------------------------------------------
     0 | D:1      | cforsyth the Gnoll Artificer began the quest for the Orb.
     0 | D:1      | Reached XP level 1. HP: 17/17 MP: 1/1
   355 | D:1      | Reached XP level 2. HP: 23/23 MP: 2/2
   648 | D:1      | Reached XP level 3. HP: 28/28 MP: 3/3
  1226 | D:2      | Noticed Jessica
  1226 | D:2      | You fall into a shaft and drop 2 floors!
  1462 | D:4      | Identified the +9 whip of Quick Death {freeze, rPois rN+
                  | Will- Dex+4}
  1469 | D:4      | Reached skill level 1 in Short Blades
  1469 | D:4      | Reached skill level 1 in Long Blades
  1469 | D:4      | Reached skill level 1 in Axes
  1469 | D:4      | Reached skill level 1 in Maces & Flails
  1469 | D:4      | Reached skill level 1 in Polearms
  1469 | D:4      | Reached skill level 1 in Staves
  1469 | D:4      | Reached skill level 1 in Ranged Weapons
  1469 | D:4      | Reached skill level 1 in Throwing
  1469 | D:4      | Reached skill level 1 in Shields
  1469 | D:4      | Reached skill level 1 in Unarmed Combat
  1469 | D:4      | Reached skill level 1 in Spellcasting
  1469 | D:4      | Reached skill level 1 in Invocations
  1469 | D:4      | Reached XP level 4. HP: 33/34 MP: 5/5
  1499 | D:4      | Noticed a scorpion
  1506 | D:4      | Killed a scorpion
  1507 | D:4      | Reached skill level 1 in Conjurations
  1507 | D:4      | Reached skill level 1 in Hexes
  1507 | D:4      | Reached skill level 1 in Summonings
  1507 | D:4      | Reached skill level 1 in Necromancy
  1507 | D:4      | Reached skill level 1 in Translocations
  1507 | D:4      | Reached skill level 1 in Transmutations
  1507 | D:4      | Reached skill level 1 in Fire Magic
  1507 | D:4      | Reached skill level 1 in Ice Magic
  1507 | D:4      | Reached skill level 1 in Air Magic
  1507 | D:4      | Reached skill level 1 in Earth Magic
  1507 | D:4      | Reached skill level 1 in Poison Magic
  1507 | D:4      | Reached skill level 1 in Shapeshifting
  1507 | D:4      | Reached XP level 5. HP: 25/40 MP: 5/7
  1878 | D:4      | Noticed an ogre
  1882 | D:4      | HP: 1/41 [ogre/+0 giant club (12)]
  1884 | D:4      | Killed an ogre
  1885 | D:4      | Reached XP level 6. HP: 2/47 MP: 8/8
  2330 | D:5      | Entered Level 5 of the Dungeon
  2356 | D:5      | Reached skill level 5 in Armour
  2726 | D:5      | Reached skill level 7 in Evocations
  2726 | D:5      | Reached XP level 7. HP: 45/52 MP: 10/10
  2974 | D:5      | Found a runed translucent gate.
  2974 | D:5      | Found a runed translucent gate.
  2976 | D:5      | Found a runed translucent gate.
  2976 | D:5      | Noticed bahustanut's ghost (novice OgFi)
  3357 | D:5      | Found an ancient bone altar of Kikubaaqudgha.
  4047 | D:3      | Found a white marble altar of Elyvilon.
  4047 | D:3      | Found a glowing golden altar of the Shining One.
  4047 | D:3      | Noticed Terence
  4065 | D:3      | Killed Terence
  4147 | D:3      | Noticed Grinder
  4157 | D:3      | Killed Grinder
  4158 | D:3      | Reached XP level 8. HP: 36/60 MP: 12/12
  4739 | D:6      | Found a staircase to the Ecumenical Temple.
  4748 | Temple   | Entered the Ecumenical Temple
  4768 | Temple   | Became a worshipper of Hepliaklqana the Forgotten
  4912 | D:2      | Found a faded altar of an unknown god.
  5069 | D:2      | Killed Jessica
  6207 | D:6      | Reached * piety under Hepliaklqana
  6293 | D:6      | Found a runed translucent door.
  6294 | D:6      | Noticed Crazy Yiuf
  7274 | D:6      | Found an iron altar of Okawaru.
  7282 | D:6      | Found an opulent altar of Gozag.
  7283 | D:6      | Found a sparkling altar of Nemelex Xobeh.
  7285 | D:6      | Found a stormy altar of Qazlal.
  7401 | D:7      | Reached XP level 9. HP: 32/59 MP: 14/14
  7789 | D:7      | Reached skill level 5 in Fighting
  7789 | D:7      | Reached skill level 5 in Dodging
  7789 | D:7      | Noticed a hornet
  7812 | D:7      | Reached skill level 5 in Stealth
  8185 | D:7      | HP: 3/61 [poisoned by a water moccasin]
  8185 | D:7      | Slain by a water moccasin

Illustrated notes

Levels and vault maps discovered:
D:1:      lightli_arrival_quake, layout_loops_corners
D:2:      layout_loops_cross, serial_forest, infiniplex_forest_fountain,
          infiniplex_forest_clump_curved, infiniplex_forest_clump_curved,
          infiniplex_forest_diagonal, infiniplex_forest_straight_2,
          infiniplex_forest_clump_long, infiniplex_forest_corner_1,
          infiniplex_forest_clump_large, dreamdust_ecumenical_altar_statues,
          minmay_tree_intersection, uniq_jessica
D:3:      layout_basic, gammafunk_temple_overflow_pools, uniq_terence,
          uniq_grinder
D:4:      layout_basic
D:5:      layout_basic, kennysheep_vampire_church, gammafunk_ghost_nasty_kobolds
D:6:      layout_cave_pods, minitemple, minmay_temple_entry_butterflies,
          uniq_crazy_yiuf_cottage
D:7:      layout_loops_ring, serial_bayou, serial_bayou_pond_c,
          serial_bayou_pond_e, serial_bayou_pond_b, serial_bayou_crossing,
          minmay_misc_feat_roman, minmay_misc_feat_pillars
Temple:   nicolae_temple_bog_church

Skill      XL: |  1  2  3  4  5  6  7  8  9 |
---------------+----------------------------+-----
Short Blades   | 1 2 3 4 |  4.3
Long Blades    | 1 2 3 4 |  4.3
Axes           | 1 2 3 4 |  4.3
Maces & Flails | 1 2 3 4 |  4.3
Polearms       | 1 2 3 4 |  4.3
Staves         | 1 2 3 4 |  4.3
Ranged Weapons | 1 2 3 4 |  4.3
Throwing       | 1 2 3 4 |  4.3
Shields        | 1 2 3 4 |  4.3
Unarmed Combat | 1 2 3 4 |  4.3
Spellcasting   | 1 2 3 4 |  4.3
Invocations    | 1 2 3 4 |  4.8
Conjurations   | 1 2 3 |  3.6
Hexes          | 1 2 3 |  3.6
Summonings     | 1 2 3 |  3.6
Necromancy     | 1 2 3 |  3.6
Translocations | 1 2 3 |  3.6
Transmutations | 1 2 3 |  3.6
Fire Magic     | 1 2 3 |  3.6
Ice Magic      | 1 2 3 |  3.6
Air Magic      | 1 2 3 |  3.6
Earth Magic    | 1 2 3 |  3.6
Poison Magic   | 1 2 3 |  3.6
Shapeshifting  | 1 2 3 |  3.6
Fighting       | 3 4 5 |  5.1
Dodging        | 3 4 5 |  5.1
Stealth        | 3 4 5 |  5.0
Armour         | 5 6 |  6.4
Evocations     | 7 |  7.9

Action                     |  1- 3 |  4- 6 |  7- 9 || total
---------------------------+-------+-------+-------++-------
  Melee: Club              |   132 |       |       ||   132
         Bite              |    12 |     9 |    18 ||    39
         Whip              |     4 |    56 |   224 ||   284
         Punch             |     2 |     1 |     6 ||     9
  Evoke: Wand              |     1 |       |     9 ||    10
    Use: Scroll            |       |       |     1 ||     1
         Potion            |       |       |     1 ||     1
   Stab: Sleeping          |     2 |     4 |    16 ||    22
         Distracted        |       |     1 |       ||     1
 Armour: Leather armour    |    49 |     5 |    31 ||    85
  Dodge: Dodged            |   103 |    30 |   166 ||   299

Table legend: (Time is in decaauts)
 A = Elapsed time spent in this place.
 B = Non-inter-level travel time spent in this place.
 C = Inter-level travel time spent in this place.
 D = Time resting spent in this place.
 E = Time spent auto-exploring this place.
 F = Levels seen in this place.
 G = Mean time per level.
                   A        B        C        D        E       F      G
               +--------+--------+--------+--------+--------+-----+--------+
         Total |   8223 |   7637 |    586 |    412 |   6136 |   8 | 1027.9 |
       Dungeon |   8183 |   7636 |    547 |    412 |   6136 |   7 | 1169.0 |
        Temple |     40 |      1 |     39 |      0 |      0 |   1 |   40.0 |
               +--------+--------+--------+--------+--------+-----+--------+

Top non-repeatable levels by time:
     D:6: 1805 daAuts
     D:5: 1753 daAuts
     D:4: 1282 daAuts
     D:1: 1248 daAuts
     D:3: 830 daAuts
     D:2: 805 daAuts
     D:7: 457 daAuts
  Temple: 40 daAuts
